 Dungeon Crawl Stone Soup version 0.25.0-9-g26727b657a (webtiles) character file.

Game seed: 5821024755452578567

135 funkygono the Covered (level 5, -2/32 HPs)
             Began as a Gargoyle Fighter on June 20, 2020.
             Slain by Crazy Yiuf
             ... wielding a +3 quarterstaff of chaos
              (9 damage)
             ... on level 2 of the Dungeon.
             The game lasted 00:03:13 (1679 turns).

funkygono the Covered (Gargoyle Fighter)            Turns: 1679, Time: 00:03:14

Health: -2/32      AC:  0    Str: 21    XL:     5   Next: 18%
Magic:  5/5        EV: 18    Int:  8    God:
Gold:   124        SH:  0    Dex:  9    Spells: 4/4 levels left

rFire    . . .     SeeInvis .   (weapon currently unavailable)
rCold    . . .     Gourm    .   (shield currently unavailable)
rNeg     + . .     Faith    .   (armour currently unavailable)
rPois    ∞         Spirit   .   (helmet currently unavailable)
rElec    .         Reflect  .   (cloak currently unavailable)
rCorr    .         Harm     .   (gloves currently unavailable)
MR       .....                  (boots currently unavailable)
Stlth    +.........             (no amulet)
HPRegen  0.10/turn              (ring currently unavailable)
MPRegen  0.09/turn              (ring currently unavailable)

@: mighty, agile, pig-form (expiring), hasted, very quick
A: small, negative energy resistance 1, petrification resistance, rot immunity,
AC +4
a: no special abilities


You were on level 2 of the Dungeon.
You were not hungry.
You were a filthy swine.
You visited 1 branch of the dungeon, and saw 2 of its levels.

You collected 124 gold pieces.

Inventory:

Hand Weapons
 k - a +2 mace of protection (melded)
Missiles
 m - 42 arrows
 p - 7 bolts
Armour
 b - a +0 scale mail (melded)
 c - a +0 kite shield (melded)
 n - a +2 helmet of see invisible (melded)
Jewellery
 i - a cursed ring of teleportation (melded)
Scrolls
 l - a scroll of blinking
 q - a scroll of teleportation {unknown}
Potions
 e - 3 potions of curing {unknown}
 g - a potion of invisibility {unknown}
 h - a potion of degeneration {unknown}
 j - a potion of heal wounds {unknown}
 o - a potion of haste
Comestibles
 a - 7 chunks of flesh
 f - 5 rations


   Skills:
 + Level 3.5 Fighting
 + Level 3.3 Maces & Flails
 + Level 4.3 Armour
 + Level 0.9 Dodging
 + Level 4.1 Shields


You had 4 spell levels left.
You didn't know any spells.
Your spell library was empty.

Dungeon Overview and Level Annotations

Branches:
Dungeon (2/15)

Altars:

Annotations:
D:2 Crazy Yiuf


Innate Abilities, Weirdness & Mutations

You are resistant to torment.
((Your stone body is resilient. (AC +4)))
You are immune to poison.
You resist negative energy. (rN+)
((You are resistant to electric shocks. (rElec)))
((You can survive without breathing.))
You are immune to petrification.
You are immune to rotting.


Message History

Crazy Yiuf barely misses you.
You barely miss Crazy Yiuf.
Crazy Yiuf is lightly wounded.
Crazy Yiuf yells, "Ice sizzlefizz broken!"
Crazy Yiuf completely misses you.
You hit Crazy Yiuf.
Crazy Yiuf is moderately wounded.
You hit Crazy Yiuf.
Crazy Yiuf is heavily wounded.
Crazy Yiuf closely misses you.
You closely miss Crazy Yiuf.
Crazy Yiuf is heavily wounded.
You barely miss Crazy Yiuf.
Crazy Yiuf is heavily wounded.
Your transformation is almost over.
Crazy Yiuf misses you.
You hit Crazy Yiuf.
Crazy Yiuf is severely wounded.
Crazy Yiuf hits you with a +3 quarterstaff of chaos!
You die...

#### ♣♣####
#)..#♣♣ ♣♣..+.##
#..gh.♣♣♣♣......#
#...#♣..♣.......#
#### ♣♣♣.♣...+..#
♣♣♣♣♣##..# #.##
#.# #.# #.#
###.######


You could see Crazy Yiuf (strong).

Vanquished Creatures
  Natasha (D:2)
  Robin (D:2)
  A gnoll (D:1)
  4 adders (D:2)
  A worm (D:2)
  A dart slug (D:2)
  A leopard gecko (D:2)
  6 bats
  A giant cockroach (D:2)
  13 goblins
  6 hobgoblins
  3 kobolds
  A quokka (D:2)
  2 frilled lizards (D:2)
  6 rats
48 creatures vanquished.

Notes
Turn   | Place    | Note
-------+----------+-------------------------------------------
     0 | D:1      | funkygono the Gargoyle Fighter began the quest for the Orb.
     0 | D:1      | Reached XP level 1. HP: 14/14 MP: 1/1
   103 | D:1      | Reached XP level 2. HP: 19/19 MP: 2/2
   935 | D:1      | Reached XP level 3. HP: 17/23 MP: 3/3
  1362 | D:2      | Noticed Natasha
  1378 | D:2      | Reached XP level 4. HP: 26/28 MP: 4/4
  1405 | D:2      | Killed Natasha
  1439 | D:2      | Noticed Robin
  1450 | D:2      | Killed Robin
  1450 | D:2      | Reached XP level 5. HP: 24/32 MP: 5/5
  1658 | D:2      | Found a runed translucent door.
  1659 | D:2      | Noticed Crazy Yiuf
  1667 | D:2      | Paralysed by Crazy Yiuf for 5 turns
  1679 | D:2      | Slain by Crazy Yiuf

Illustrated notes

Levels and vault maps discovered:
D:1:      lemuel_arrival_muddy, layout_loops_corners, chequers_decorated_corner,
          minmay_hexomino_p4
D:2:      layout_rooms, eat_drink_and_be_merry_uskayaw, first_ration,
          minmay_misc_feat_rows, kennysheep_small_spiral, chequers_arboretum,
          uniq_crazy_yiuf_cottage, uniq_robin, uniq_natasha

Skill      XL: |  1  2  3  4 |
---------------+-------------+-----
Armour         | 4 |  4.3
Shields        | 4 |  4.1
Maces & Flails | 3 |  3.3
Fighting       | |  3.5
Dodging        | |  0.9

Action                   |  1- 3 |  4- 6 || total
-------------------------+-------+-------++-------
Melee: Flail             |    22 |       ||    22
       Mace              |    83 |    55 ||   138
       Unarmed           |       |     6 ||     6
  Use: Scroll            |     4 |       ||     4
       Potion            |       |     2 ||     2
  Eat: Chunk             |     1 |     2 ||     3
Armor: Scale mail        |    68 |    38 ||   106
Dodge: Dodged            |    25 |    22 ||    47
Block: Kite shield       |    72 |    39 ||   111
